 Dungeon Crawl Stone Soup version 0.22-a0-322-g60b3cfd (webtiles) character file.

140 tilp the Chiller (level 5, -2/35 HPs)
             Began as a Merfolk Ice Elementalist on Apr 2, 2018.
             Slain by an orc
             ... wielding a +0 trident
              (7 damage)
             ... on level 3 of the Dungeon.
             The game lasted 00:08:38 (3485 turns).

tilp the Chiller (Merfolk Ice Elementalist)         Turns: 3485, Time: 00:08:39

Health: -2/35      AC:  5    Str:  8    XL:     5   Next: 22%
Magic:  7/8        EV: 13    Int: 16    God:
Gold:   126        SH:  0    Dex: 14    Spells: 2/8 levels left

rFire    . . .     SeeInvis .   a - +2 dagger (venom)
rCold    . . .     Gourm    .   (no shield)
rNeg     . . .     Faith    .   t - +0 robe
rPois    .         Spirit   .   l - +2 hat
rElec    .         Reflect  .   (no cloak)
rCorr    .         Harm     .   q - +0 pair of gloves
MR       .....                  (no boots)
Stlth    ++........             (no amulet)
HPRegen  0.11/turn              (no ring)
MPRegen  0.11/turn              (no ring)

@: no status effects
A: change form in water, swift swim, stealthy swim
a: no special abilities


You were on level 3 of the Dungeon.
You were hungry.

You visited 1 branch of the dungeon, and saw 3 of its levels.

You collected 126 gold pieces.

Inventory:

Hand Weapons
 a - a +2 dagger of venom (weapon)
 b - a +0 blowgun
 m - a +1 mace of crushing
 p - a +0 trident
 s - a +0 spear
 x - a +0 hunting sling
 B - a +2 falchion of flaming
Missiles
 i - 35 sling bullets
 j - 97 stones
 w - 24 poisoned needles
 y - 9 tomahawks (quivered)
Armour
 l - a +2 hat (worn)
 q - a +0 pair of gloves (worn)
 t - a +0 robe (worn)
Jewellery
 e - an uncursed ring of wizardry {unknown}
 z - an uncursed ring of flight {unknown}
Scrolls
 d - a scroll of fog {unknown}
 g - 4 scrolls of teleportation
 h - a scroll of magic mapping {unknown}
 n - 2 scrolls of identify
 v - 2 scrolls of remove curse {unknown}
 A - a scroll of blinking {unknown}
Potions
 f - a potion of heal wounds {unknown}
 r - a potion of might {unknown}
 u - a potion of haste {unknown}
Comestibles
 c - 7 rations
 k - a chunk of flesh


   Skills:
 - Level 2.6 Dodging
 - Level 2.1 Stealth
 - Level 2.0 Spellcasting
 - Level 0.7 Conjurations
 + Level 6.3 Ice Magic


You had 2 spell levels left.
You knew the following spells:

 Your Spells              Type           Power        Failure   Level  Hunger
a - Freeze                Ice            ###.         1%          1    #......
b - Throw Frost           Conj/Ice       ##....       8%          2    ###....
c - Ozocubu's Armour      Chrm/Ice       ##......     17%         3    ###....


Dungeon Overview and Level Annotations

Branches:
Dungeon (3/15)

Altars:
Vehumet


Message History

You closely miss the gnoll.
The gnoll is lightly wounded.
The gnoll hits you. The orc misses you.
You hit the gnoll.
The gnoll is poisoned.
The gnoll is moderately wounded.
The gnoll hits you but does no damage. The orc hits you but does no damage.
Your icy armour cracks and falls away as you move.
The gnoll looks more healthy.
You hit the gnoll but do no damage.
The gnoll is poisoned.
The gnoll is severely wounded.
The gnoll hits you.
You kill the gnoll!
The orc hits you from afar with a trident.
The gnoll closely misses you. The orc closely misses you.
You hit the orc but do no damage.
The orc is poisoned.
The gnoll barely misses you. The orc hits you with a trident!
* * * LOW HITPOINT WARNING * * *
Unknown command.
The orc hits you from afar with a trident!
You die...

##....>...#.##.#############.....
#.........#.##.##################
.#........#.##.##...........#
##........#.##.##.#########.#
##..........##.##.# ##[#####
.........##.##.##)# #.......
#####.#####.##.##.## #..##### #.#
#.##.#...##### #..# #.#
#.....@go..†.# #..# ##
#####.#####.##.#...###.# #..# #.
#...........##.##.## #.# #..# #.
..###.########.##.# #o# #..# #.
..###.# #.##.####g###..# #[
......# #.##.).....(...# #.
......# #.#######...#.#####.
.###### #.# ###.#....... .# #.#
#.#######.


You could see a gnoll and an orc.

Vanquished Creatures
  2 adders (D:3)
  3 gnolls (D:3)
  2 dart slugs (D:1)
  A worm (D:3)
  2 leopard geckos (D:1)
  8 orcs (D:3)
  2 ball pythons (D:3)
  7 bats
  2 giant cockroaches
  7 goblins
  7 hobgoblins
  4 jackals (D:3)
  11 kobolds
  3 quokkas
  3 frilled lizards (D:3)
  9 rats
73 creatures vanquished.

Vanquished Creatures (others)
  A plant (D:1)
1 creature vanquished.

Grand Total: 74 creatures vanquished

Notes
Turn   | Place    | Note
-------+----------+-------------------------------------------
     0 | D:1      | tilp the Merfolk Ice Elementalist began the quest for the Orb.
     0 | D:1      | Reached XP level 1. HP: 13/13 MP: 3/3
   415 | D:1      | Reached skill level 4 in Ice Magic
   415 | D:1      | Reached XP level 2. HP: 19/19 MP: 1/5
   467 | D:1      | Learned a level 2 spell: Throw Frost
   874 | D:1      | Reached XP level 3. HP: 24/24 MP: 1/6
  1121 | D:1      | Learned a level 3 spell: Ozocubu's Armour
  1876 | D:2      | Found a radiant altar of Vehumet.
  1910 | D:2      | Reached skill level 5 in Ice Magic
  2362 | D:3      | Reached XP level 4. HP: 30/30 MP: 3/7
  3082 | D:3      | Reached skill level 6 in Ice Magic
  3101 | D:3      | Reached XP level 5. HP: 7/35 MP: 3/8
  3485 | D:3      | Slain by an orc

Vault maps used:
D:1:      dpeg_arrival_long_road, lexackson_kobold_supper
D:2:      lemuel_doored_altar, first_ration

Skill      XL: |  1  2  3  4 |
---------------+-------------+-----
Ice Magic      | 4 5 6 |  6.3
Dodging        | |  2.6
Stealth        | |  2.1
Spellcasting   | |  2.0
Conjurations   | |  0.7

Action                   |  1- 3 |  4- 6 || total
-------------------------+-------+-------++-------
Melee: Unarmed           |     5 |       ||     5
       Short sword       |     1 |       ||     1
       Dagger            |    72 |    96 ||   168
 Cast: Freeze            |    49 |     4 ||    53
       Throw Frost       |     3 |     1 ||     4
       Ozocubu's Armour  |     2 |     5 ||     7
  Use: Scroll            |       |     2 ||     2
       Potion            |       |     2 ||     2
 Stab: Sleeping          |     6 |     4 ||    10
  Eat: Chunk             |     6 |     4 ||    10
Armor: Robe              |    10 |    31 ||    41
Dodge: Dodged            |    36 |    61 ||    97

Table legend:
 A = Spawn XP
 B = Non-spawn XP
 C = Spawn XP percentage of total XP
 D = Spawn monster count
 E = Non-spawn monster count
 F = Spawn count percentage of total count
 G = Total turns spent on level
                    A         B        C        D         E        F      G
               +---------+---------+-------+---------+---------+-------+---------
         Total |       0 |     200 |   0.0 |       0 |      73 |   0.0 |  3485
               +---------+---------+-------+---------+---------+-------+---------
           D:1 |       0 |      48 |   0.0 |       0 |      24 |   0.0 |  1436
           D:2 |       0 |      20 |   0.0 |       0 |      12 |   0.0 |   681
           D:3 |       0 |     132 |   0.0 |       0 |      37 |   0.0 |  1368
               +---------+---------+-------+---------+---------+-------+---------
